 Dungeon Crawl Stone Soup version 0.29.1-15-g9cfb28693d (webtiles) character file.

Game seed: 15620814144887214373

15043 Anriel the Jinx (level 11, 0/54 HPs)
             Began as a Deep Elf Hedge Wizard on Feb 22, 2023.
             Was a High Priest of Sif Muna.
             Slain by an eight-headed hydra (9 damage)
             ... on level 11 of the Dungeon.
             The game lasted 01:55:49 (13589 turns).

Anriel the Jinx (Deep Elf Hedge Wizard)            Turns: 13589, Time: 01:55:50

Health: 0/54       AC:  9    Str:  7    XL:     11   Next: 96%
Magic:  21/32      EV: 16    Int: 24    God:    Sif Muna [*****.]
Gold:   461        SH:  0    Dex: 14    Spells: 1/24 levels left

rFire   + . .      SeeInvis .   o - +6 rapier (protect)
rCold   + . .      Faith    .   (no shield)
rNeg    . . .      Spirit   .   w - +0 steam dragon scales
rPois   .          Reflect  .   c - +0 hat
rElec   .          Harm     .   h - scarf {rC+ rF+}
rCorr   .          Rampage  .   (no gloves)
Will    +....                   (no boots)
Stlth   ++........              e - amulet of regeneration
HPRegen 0.98/turn               l - ring of magical power
MPRegen 0.23/turn               s - +4 ring of protection

@: no status effects
A: no striking features
a: Renounce Religion, Channel Magic, Forget Spell, Divine Exegesis


You were on level 11 of the Dungeon.
You worshipped Sif Muna.
Sif Muna was extremely pleased with you.
You visited 2 branches of the dungeon, and saw 12 of its levels.
You also visited: Bailey.

You collected 1685 gold pieces.
You spent 1224 gold pieces at shops.

Inventory:

Hand Weapons
 i - the +5 long sword of Jevesch {flame, rPois Dex-2 SInv Stlth+}
   (You bought it in a shop on level 7 of the Dungeon)

   It burns those it strikes, dealing additional fire damage.
   Big, fiery blades are also staple armaments of hydra-hunters.
   Dex:       It affects your dexterity (-2).
   rPois:     It protects you from poison.
   SInv:      It lets you see invisible.
   Stlth:     It makes you more stealthy.
 n - the +5 spear "Damishej" {flame, rF- rC+ Str+2 Int+9}
   (You found it on level 6 of the Dungeon)

   It burns those it strikes, dealing additional fire damage.
   Str:       It affects your strength (+2).
   Int:       It affects your intelligence (+9).
   rF:        It makes you vulnerable to fire.
   rC:        It protects you from cold.
 o - a +6 rapier of protection (weapon)
 t - a +8 quick blade
Armour
 b - +0 steam dragon scales
 c - a +0 hat (worn)
 h - a scarf of resistance (worn)
 v - a +0 troll leather armour
 w - +0 steam dragon scales (worn)
Magical Staves
 u - a staff of death
 I - a staff of air
 J - a staff of poison
Jewellery
 d - the ring "Uzahony" {rElec rF+ rCorr Str-4 Dex+4}
   (You found it in a bailey)

   [ring of resist corrosion]

   Str:       It affects your strength (-4).
   Dex:       It affects your dexterity (+4).
   rF:        It protects you from fire.
   rElec:     It insulates you from electricity.
   rCorr:     It protects you from acid and corrosion.
 e - an amulet of regeneration (around neck)
 k - a +4 ring of slaying
 l - a ring of magical power (left hand)
 s - a +4 ring of protection (right hand)
 y - a ring of poison resistance
 D - a ring of positive energy
 G - a ring of positive energy
Wands
 a - a wand of flame (34)
 q - a wand of polymorph (16)
 r - a wand of mindburst (27)
 z - a wand of paralysis (6)
 F - a wand of acid (1)
Scrolls
 m - a scroll of teleportation
 p - 2 scrolls of amnesia
 C - 6 scrolls of identify
 K - a scroll of butterflies
Potions
 f - 4 potions of mutation
 g - a potion of brilliance
 j - 4 potions of attraction
 x - a potion of flight
 A - 3 potions of magic
 B - a potion of heal wounds
 E - 4 potions of curing
 H - 2 potions of haste


   Skills:
 - Level 7.0 Short Blades
 - Level 10.0 Dodging
 - Level 3.0 Stealth
 - Level 7.0 Spellcasting
 + Level 6.9 Conjurations
 - Level 10.1 Hexes
 - Level 8.1 Summonings
 + Level 5.0 Translocations
 - Level 5.0 Ice Magic
 - Level 8.0 Invocations


You had one spell level left.
You knew the following spells:

 Your Spells              Type           Power      Damage    Failure   Level
a - Magic Dart            Conj           100%       1d8       1%          1
b - Blink                 Tloc           64%        N/A       1%          2
c - Slow                  Hex            100%       N/A       1%          1
d - Call Imp              Summ           47%        N/A       1%          2
e - Summon Guardian Gole  Hex/Summ       51%        N/A       1%          3
f - Summon Ice Beast      Ice/Summ       40%        N/A       4%          4
g - Manifold Assault      Tloc           32%        N/A       26%         5
h - Foxfire               Conj/Fire      100%       2x1d9     1%          1
i - Cause Fear            Hex            27%        N/A       1%          4

Your spell library contained the following spells:

 Spells                   Type           Power      Damage    Failure   Level
 Dazzling Flash           Conj/Hex       98%        N/A       1%          3
 Static Discharge         Conj/Air       25%        3-7/arc   2%          2
 Frozen Ramparts          Ice            64%        1d10      2%          3
 Lesser Beckoning         Tloc           32%        N/A       2%          3
 Teleport Other           Tloc           32%        N/A       2%          3
 Conjure Flame            Conj/Fire      25%        6-21      5%          3
 Mephitic Cloud           Conj/Pois/Air  19%        N/A       9%          3
 Animate Armour           Summ/Erth      56%        N/A       13%         4
 Ignite Poison            Fire/Tmut/Pois 8%         N/A       22%         3
 Swiftness                Air            8%         N/A       22%         3
 Ice Form                 Ice/Tmut       20%        N/A       26%         4
 Freezing Cloud           Conj/Ice/Air   13%        6-21      36%         5
 Animate Dead             Necr           8%         N/A       56%         4
 Blade Hands              Tmut           4%         N/A       89%         5
 Iron Shot                Conj/Erth      12%        9d3       95%         6
 Spellforged Servitor     Conj/Summ      22%        N/A       95%         7
 Orb of Destruction       Conj           20%        9d8       98%         7
 Dragon Form              Tmut           4%         N/A       100%        7
 Haunt                    Necr/Summ      14%        N/A       100%        7
 Storm Form               Tmut/Air       4%         N/A       100%        7
 Infestation              Necr           4%         N/A       100%        8
 Dragon's Call            Summ           23%        N/A       100%        9


Dungeon Overview and Level Annotations

Branches:
Dungeon (11/15)            Temple (1/1) D:6            Lair (0/5) D:10
    Orc (0/2) D:11         Bailey (visited)

Altars:
Ashenzari
Cheibriados
Dithmenos
Elyvilon
Fedhas
Gozag
Hepliaklqana
Kikubaaqudgha
Makhleb
Nemelex Xobeh
Okawaru
Qazlal
Ru
Sif Muna
Trog
Uskayaw
Vehumet
Wu Jian
Xom
Yredelemnul
Zin
The Shining One

Shops:
D:5 *   D:7 (   D:10 :

Portals:
Trove: D:11 (give 5 scrolls of fear)


Message History

The eight-headed hydra easily resists.
The eight-headed hydra bites you. The eight-headed hydra bites you!
The eight-headed hydra bites you.
The eight-headed hydra barely misses you.
The eight-headed hydra bites you!
The eight-headed hydra barely misses you.
The eight-headed hydra closely misses you.
The eight-headed hydra bites you!
* * * LOW HITPOINT WARNING * * *
You swap places.
The eight-headed hydra bites your ice beast!
The eight-headed hydra completely misses your ice beast. x2
The eight-headed hydra bites your ice beast!
The eight-headed hydra misses your ice beast.
The eight-headed hydra bites your ice beast!
Your ice beast dies!
Your ice beast disappears in a puff of smoke!
You see here a potion of curing.
Casting: Slow (safe; 1% risk of failure)
Confirm with . or Enter, or press ? or * to list all spells.
A guardian golem appears, shielding your allies.
The eight-headed hydra bites your guardian golem!
The eight-headed hydra bites your guardian golem but does no damage.
The eight-headed hydra bites your guardian golem!
The eight-headed hydra bites your guardian golem but does no damage.
The eight-headed hydra bites your guardian golem! x3
The eight-headed hydra bites your guardian golem.
Your guardian golem is destroyed!
Your guardian golem disappears in a puff of smoke!
Casting: Summon Guardian Golem (safe; 1% risk of failure)
Confirm with . or Enter, or press ? or * to list all spells.
A guardian golem appears, shielding your allies.
The eight-headed hydra bites you but does no damage.
The eight-headed hydra barely misses you. x2
The eight-headed hydra bites you but does no damage.
The eight-headed hydra bites you.
* * * LOW HITPOINT WARNING * * *
The eight-headed hydra bites you.
* * * LOW HITPOINT WARNING * * *
The eight-headed hydra bites you!
You die...

###...# .# #### #...### #
#.# ########+#####
####.#### #.....$......# ##
..#.....# #......!.....# #.
#.#.#.###### #............#
#. #.#.#......#
#............# #.
#.#.###.##.###...D........#
#.
#...#...##...'..@9........#
#.
#####.#.######............#
+. ....#.#.# #............+
#. ###.#.#.# #............#
#. ......#.# #.....<......
## #.####### ####+#######
#...#### ..# ###....#
####.### ######.###
#......#


You could see an eight-headed hydra (ally target) and a friendly guardian golem
(summoned).

Vanquished Creatures
  A centaur warrior (D:8)
  Maggie (D:7)
  A kobold demonologist (D:8)
  2 shadows
  A wyvern (D:10)
  6 yaks
  A warg (D:8)
  A vampire mosquito (D:11)
  Edmund (D:4)
  A water moccasin (D:8)
  5 orc warriors
  An ice beast (D:8)
  A black bear (D:6)
  5 ogres
  2 centaurs (D:9)
  A phantom (D:5)
  A kobold brigand (D:10)
  A necrophage (D:8)
  A bullfrog (D:7)
  2 scorpions
  A wight (D:8)
  2 killer bees (D:10)
  8 howler monkeys
  4 jellies
  7 hounds
  14 orc priests
  2 gnoll boudas
  Ijyb (D:5)
  An iguana (D:5)
  14 orc wizards
  19 gnolls
  9 adders
  2 white imps (D:7)
  4 ufetubi
  A worm (D:4)
  6 dart slugs
  26 orcs
  8 bats
  6 endoplasms
  8 giant cockroaches
  7 goblins
  5 hobgoblins
  6 quokkas
  7 ball pythons
  A frilled lizard (D:1)
  12 kobolds
  6 rats
223 creatures vanquished.

Vanquished Creatures (collateral kills)
  4 yaks
  A steam dragon (D:7)
  A vampire mosquito (D:11)
  3 orc warriors
  2 centaurs
  A killer bee (D:10)
  3 howler monkeys
  3 orc priests
  2 hounds (D:8)
  A jelly (D:8)
  4 gnoll boudas
  An orc wizard (D:8)
  2 gnolls (D:8)
  2 adders
  A worm (D:2)
  16 orcs
  An endoplasm (D:3)
  A kobold (D:10)
49 creatures vanquished.

Vanquished Creatures (others)
  A boulder beetle (D:11)
  2 orc knights (Bailey)
  A troll (D:9)
  A hornet (D:9)
  24 yaks
  6 orc warriors
  3 ogres (D:8)
  2 gnoll sergeants
  2 wights (D:8)
  4 killer bees (D:9)
  2 orc priests (D:8)
  3 orc wizards
  2 gnolls (D:10)
  8 orcs
  5 plants
  A withered plant (D:9)
67 creatures vanquished.

Grand Total: 339 creatures vanquished

Notes
Turn   | Place    | Note
-------+----------+-------------------------------------------
     0 | D:1      | Anriel the Deep Elf Hedge Wizard began the quest for the
                  | Orb.
     0 | D:1      | Reached XP level 1. HP: 10/10 MP: 7/7
     2 | D:1      | Noticed a vampire
     2 | D:1      | Noticed a formicid
     4 | D:1      | Noticed a meteoran
     4 | D:1      | Noticed a demigod
     6 | D:1      | Noticed a gargoyle
     6 | D:1      | Noticed a vine stalker
     8 | D:1      | Noticed an ogre
     8 | D:1      | Noticed a ghoul
    10 | D:1      | Noticed a felid
    10 | D:1      | Noticed a merfolk
    12 | D:1      | Noticed a spriggan
    14 | D:1      | Noticed a draconian
    14 | D:1      | Noticed a human
    16 | D:1      | Noticed a naga
    18 | D:1      | Noticed an elf
    18 | D:1      | Noticed a minotaur
    20 | D:1      | Noticed a tengu
    22 | D:1      | Noticed an octopode
    22 | D:1      | Noticed a palentonga
    24 | D:1      | Noticed a demonspawn
    26 | D:1      | Noticed a troll
   148 | D:1      | Reached XP level 2. HP: 8/15 MP: 1/9
   151 | D:1      | Learned a level 2 spell: Blink
   153 | D:1      | Learned a level 1 spell: Slow
   156 | D:1      | Learned a level 2 spell: Call Imp
   792 | D:1      | Reached XP level 3. HP: 10/19 MP: 6/11
   835 | D:1      | Found a faded altar of an unknown god.
   952 | D:1      | Reached skill level 5 in Spellcasting
  1358 | D:2      | Reached skill level 1 in Short Blades
  1419 | D:2      | Reached skill level 1 in Hexes
  1932 | D:2      | Reached XP level 4. HP: 24/24 MP: 5/13
  2993 | D:3      | Reached XP level 5. HP: 28/28 MP: 10/14
  3047 | D:3      | Found a faded altar of an unknown god.
  3051 | D:3      | Found a shimmering altar of Xom.
  3774 | D:4      | Noticed Edmund
  4692 | D:4      | Killed Edmund
  4693 | D:4      | Reached XP level 6. HP: 32/32 MP: 1/15
  5223 | D:4      | Identified a scroll of acquirement
  5223 | D:4      | Acquired a +5 rapier of protection
  5277 | D:5      | Entered Level 5 of the Dungeon
  5313 | D:5      | Reached XP level 7. HP: 29/36 MP: 16/16
  5368 | D:5      | Found Ympes's Assorted Antiques.
  5388 | D:5      | Bought a scroll of identify for 50 gold pieces
  5388 | D:5      | Bought a dark potion for 22 gold pieces
  5388 | D:5      | Bought an agate ring for 125 gold pieces
  5427 | D:5      | Found a shimmering blue altar of Sif Muna.
  5427 | D:5      | Found an iron altar of Okawaru.
  5428 | D:5      | Found a glowing silver altar of Zin.
  5431 | D:5      | Became a worshipper of Sif Muna the Loreminder
  5452 | D:5      | Learned a level 3 spell: Summon Guardian Golem
  5479 | D:5      | Noticed Ijyb
  5503 | D:5      | Killed Ijyb
  5628 | D:5      | Found a basalt altar of Yredelemnul.
  6071 | D:6      | Identified the +5 spear "Damishej" {flame, rF- rC+ Str+2
                  | Int+9}
  6097 | D:6      | Reached skill level 5 in Dodging
  6134 | D:6      | Reached XP level 8. HP: 41/41 MP: 5/17
  6209 | D:6      | Found an opulent altar of Gozag.
  6272 | D:6      | Found a sacrificial altar of Ru.
  6305 | D:6      | Reached skill level 5 in Conjurations
  6305 | D:6      | Reached skill level 5 in Translocations
  6481 | D:6      | Found a staircase to the Ecumenical Temple.
  6497 | Temple   | Entered the Ecumenical Temple
  6514 | Temple   | Acquired a +8 quick blade
  6563 | D:6      | Reached * piety under Sif Muna
  6955 | D:7      | Found a snail-covered altar of Cheibriados.
  6958 | D:7      | Found a white marble altar of Elyvilon.
  7130 | D:7      | Found a flagged portal.
  7139 | Bailey   | Entered a bailey
  7583 | Bailey   | Reached skill level 5 in Hexes
  7710 | Bailey   | HP: 2/41 [orc warrior/bolt (14)]
  7735 | Bailey   | Reached skill level 5 in Short Blades
  7898 | Bailey   | Reached skill level 5 in Summonings
  7911 | Bailey   | Reached XP level 9. HP: 35/45 MP: 18/18
  7931 | Bailey   | Reached skill level 1 in Invocations
  8030 | Bailey   | Learned a level 4 spell: Summon Ice Beast
  8030 | Bailey   | Noticed an orc knight
  8030 | Bailey   | Noticed an orc knight
  8038 | Bailey   | HP: 1/45 [orc warrior/+0 trident (27)]
  8094 | Bailey   | Killed an orc knight
  8278 | Bailey   | Killed an orc knight
  8383 | Bailey   | Identified the ring "Uzahony" {rElec rF+ rCorr Str-4 Dex+4}
  8392 | Bailey   | Acquired 807 gold pieces
  8501 | D:7      | Found Refuxzamn's Antique Weapon Shoppe.
  8504 | D:7      | Bought a transparent long sword for 195 gold pieces
  8504 | D:7      | Identified the +5 long sword of Jevesch {flame, rPois Dex-2
                  | SInv Stlth+} (You bought it in a shop on level 7 of the
                  | Dungeon)
  8527 | D:7      | Noticed Maggie
  8552 | D:7      | Killed Maggie
  8917 | D:7      | Reached skill level 5 in Invocations
  9152 | D:8      | Reached ** piety under Sif Muna
  9177 | D:8      | Reached XP level 10. HP: 35/50 MP: 9/19
  9184 | D:8      | Reached skill level 5 in Ice Magic
  9971 | D:8      | Noticed a centaur warrior
 10270 | D:8      | Killed a centaur warrior
 10323 | D:8      | Reached *** piety under Sif Muna
 10659 | D:8      | Reached skill level 10 in Dodging
 11155 | D:8      | Learned a level 5 spell: Manifold Assault
 11540 | D:9      | Reached XP level 11. HP: 49/54 MP: 17/23
 11764 | D:9      | Reached **** piety under Sif Muna
 11899 | D:9      | Found an ancient bone altar of Kikubaaqudgha.
 11999 | D:9      | Paralysed by a hornet for 2 turns
 12214 | D:10     | Entered Level 10 of the Dungeon
 12565 | D:10     | Found a staircase to the Lair.
 12722 | D:10     | Found Lozxy's Book Shoppe.
 12727 | D:10     | Bought the Collected Works on Pyromania and the Salvo for
                  | 234 gold pieces
 12727 | D:10     | Bought a book of the Dragon for 598 gold pieces
 12729 | D:10     | Learned a level 1 spell: Foxfire
 12734 | D:10     | Learned a level 4 spell: Cause Fear
 13091 | D:11     | Found a portal to a secret trove of treasure.
 13195 | D:11     | Found a staircase to the Orcish Mines.
 13221 | D:11     | Reached ***** piety under Sif Muna
 13223 | D:11     | Received a gift from Sif Muna
 13226 | D:11     | Got Sif Muna's Early Guide to Witchery {god gift}
 13371 | D:11     | Noticed a boulder beetle
 13423 | D:11     | Killed a boulder beetle
 13424 | D:11     | Reached skill level 10 in Hexes
 13574 | D:11     | Noticed an eight-headed hydra
 13589 | D:11     | Slain by an eight-headed hydra

Illustrated notes

Levels and vault maps discovered:
D:1:      kb_arrival_jail, layout_rooms, dreamdust_ecumenical_altar_grove,
          minmay_misc_feat_ornament, chequers_serial_rivers_micro_b,
          minmay_three_crescents
D:2:      layout_basic
D:3:      layout_basic, nicolae_overflow_ecumenical_swirl
D:4:      layout_loops_ring, uniq_edmund
D:5:      layout_basic, nicolae_overflow_quartered_altars, serial_shops, shop,
          uniq_ijyb
D:6:      layout_rooms, mainiacjoe_overflow_alcove_4,
          mainiacjoe_overflow_small_starburst,
          minmay_temple_entry_statues_pillars, minmay_holes
D:7:      layout_gridville, nicolae_overflow_squiral, enter_bailey_2,
          serial_shops, kennysheep_mini_moat, uniq_maggie
D:8:      lemuel_castle_with_subvaults [lemuel_castle_interior_original],
          layout_loops_corners
D:9:      layout_big_octagon, kiku_gazebo_garden_becter
D:10:     layout_rooms, lair_entry_dummy, nicolae_stop_n_shop_2
D:11:     layout_roguey, david_orc_2, nicolae_trove_entry_crossroad
Temple:   hellmonk_temple_two_chambers

Skill      XL: |  1  2  3  4  5  6  7  8  9 10 11 |
---------------+----------------------------------+-----
Dodging        | 3 5 8 10 | 10.0
Conjurations   | 2 3 4 5 6 |  6.9
Spellcasting   | 5 7 |  7.0
Short Blades   | 1 2 3 5 7 |  7.0
Hexes          | 1 2 3 5 6 10 | 10.1
Summonings     | 2 3 5 8 |  8.1
Translocations | 2 3 4 5 |  5.0
Stealth        | 3 |  3.0
Invocations    | 5 8 |  8.0
Ice Magic      | 4 5 |  5.0

Action                   |  1- 3 |  4- 6 |  7- 9 | 10-12 || total
-------------------------+-------+-------+-------+-------++-------
Melee: Dagger            |    13 |    43 |       |       ||    56
       Rapier            |       |     8 |   113 |   260 ||   381
       Punch             |       |     1 |       |     3 ||     4
       Quick blade       |       |       |     2 |       ||     2
       Spear             |       |       |     1 |       ||     1
 Cast: Magic Dart        |   100 |   220 |   172 |   197 ||   689
       Call Imp          |     3 |    27 |    38 |    28 ||    96
       Blink             |       |     3 |     6 |     4 ||    13
       Slow              |       |    27 |    13 |     3 ||    43
       Summon Guardian G |       |       |    17 |    47 ||    64
       Summon Ice Beast  |       |       |     3 |    18 ||    21
  Use: Scroll            |     7 |     8 |     9 |     5 ||    29
       Potion            |     1 |     2 |     8 |     1 ||    12
 Stab: Sleeping          |       |     1 |     1 |     1 ||     3
       Distracted        |       |       |     2 |       ||     2
Armor: Robe              |     6 |    24 |    36 |       ||    66
       Steam dragon scal |       |       |    27 |   103 ||   130
Dodge: Dodged            |    18 |   110 |   160 |   240 ||   528
